 Dungeon Crawl Stone Soup version 0.18.1-48-g4cf74bf (webtiles) character file.

134 Lennu the Conjurer (level 4, 0/31 HPs)
             Began as a Demonspawn Conjurer on July 11, 2016.
             Slain by Purgy (7 damage)
             ... on level 3 of the Dungeon.
             The game lasted 00:08:11 (2601 turns).

Lennu the Conjurer (Demonspawn Conjurer)            Turns: 2601, Time: 00:08:12

Health: 0/31       AC:  4    Str:  9    XL:     4   Next: 95%
Magic:  1/7        EV: 12    Int: 17    God:
Gold:   36         SH:  0    Dex: 13    Spells: 1 memorised, 7 levels left

rFire  . . .     SeeInvis .     d - +0 spear
rCold  . . .     Gourm    .     n - +0 leather armour (curse)
rNeg   + . .     Faith    .     (no shield)
rPois  .         Spirit   .     (no helmet)
rElec  .         Dismiss  .     (no cloak)
rCorr  .         Reflect  .     (no gloves)
SustAt .         Harm     .     (no boots)
MR     +....                    (no amulet)
Stlth  ++........               s - ring of positive energy
                                h - ring of protection from magic

@: somewhat resistant to hostile enchantments, unstealthy
A: rugged brown scales 1
a: no special abilities


You were on level 3 of the Dungeon.
You were not hungry.

You visited 1 branch of the dungeon, and saw 3 of its levels.

You collected 36 gold pieces.

Inventory:

Hand Weapons
 d - a +0 spear (weapon)
Armour
 a - a +0 robe
 n - a cursed +0 leather armour (worn)
Jewellery
 h - a ring of protection from magic (left hand)
 s - a ring of positive energy (right hand)
Scrolls
 e - 2 scrolls of identify {unknown}
 g - 2 scrolls of remove curse {unknown}
 j - a scroll of teleportation {unknown}
 k - 2 scrolls of fear {unknown}
 r - a scroll of random uselessness {unknown}
Potions
 f - a potion of curing {unknown}
 i - a potion of magic {unknown}
 l - a potion of brilliance {unknown}
 o - a potion of lignification {unknown}
 q - a potion of haste
 t - a potion of might {unknown}
Books
 b - a book of Conjurations

   Spells                             Type                      Level
   a - Magic Dart                     Conjuration                  1
   b - Searing Ray                    Conjuration                  2
   c - Dazzling Spray                 Conjuration/Hexes            3
   d - Fulminant Prism                Conjuration/Hexes            4
   e - Iskenderun's Mystic Blast      Conjuration                  4
   f - Iskenderun's Battlesphere      Conjuration/Charms           5
Comestibles
 c - a bread ration
 p - a meat ration


   Skills:
 * Level 0.4 Fighting
 - Level 1.1 Polearms
 * Level 0.6 Armour
 * Level 2.5 Dodging
 - Level 2.0 Stealth
 + Level 2.6 Spellcasting
 * Level 5.0 Conjurations


You had 7 spell levels left.
You knew the following spells:

 Your Spells              Type           Power        Failure   Level  Hunger
a - Magic Dart            Conj           ###.         3%          1    #......


Dungeon Overview and Level Annotations

Branches:
Dungeon (3/15)

Altars:

Annotations:
D:3 Purgy


Innate Abilities, Weirdness & Mutations

You are partially covered in rugged brown scales (AC +1, +3% HP).


Message History

Purgy bites you. Purgy claws you but does no damage. Purgy claws you.
You barely miss Purgy.
Purgy is lightly wounded.
Purgy bites you. Purgy claws you. Purgy claws you but does no damage.
You miss Purgy.
Purgy is lightly wounded.
Purgy bites you. Purgy claws you. Purgy claws you but does no damage.
You closely miss Purgy.
Purgy is lightly wounded.
Purgy closely misses you. Purgy barely misses you.
Purgy claws you but does no damage.
You hit Purgy but do no damage.
Purgy hisses menacingly.
Purgy bites you.
* * * LOW HITPOINT WARNING * * *
Purgy claws you.
* * * LOW HITPOINT WARNING * * *
Purgy claws you but does no damage.
You miss Purgy. Purgy bites you!
You die...

...............<.......
##.#.#.###.###.#######.
#..........# #.#
#>.....##### #.#
#.#...## #.# #...## #..
##.###..## ###
.........# ##.....@##
#####.T# ..... ##.....
#...#.# #......
#.#.#.#. #.#.# ###


You could see Purgy.

Vanquished Creatures
  Ijyb (D:3)
  2 gnolls (D:1)
  4 adders (D:2)
  An ooze (D:1)
  A dart slug (D:1)
  A giant gecko (D:2)
  A ball python (D:1)
  3 bats
  2 giant cockroaches (D:2)
  4 goblins
  5 hobgoblins
  4 jackals (D:1)
  2 quokkas (D:2)
  3 giant newts
  5 kobolds
  11 rats
50 creatures vanquished.

Notes
Turn   | Place    | Note
--------------------------------------------------------------
     0 | D:1      | Lennu the Demonspawn Conjurer began the quest for the Orb.
     0 | D:1      | Reached XP level 1. HP: 13/13 MP: 3/3
   327 | D:1      | Gained mutation: You are partially covered in rugged brown scales (AC +1, +3% HP). [demonic ancestry]
   327 | D:1      | Reached XP level 2. HP: 13/19 MP: 0/5
   786 | D:1      | Reached XP level 3. HP: 23/24 MP: 0/6
  1624 | D:2      | Reached XP level 4. HP: 31/31 MP: 1/7
  2431 | D:3      | Noticed Ijyb
  2505 | D:3      | Killed Ijyb
  2505 | D:3      | Reached skill level 1 in Polearms
  2505 | D:3      | Reached skill level 5 in Conjurations
  2588 | D:3      | Noticed Purgy
  2601 | D:3      | Slain by Purgy

Skill      XL: |  1  2  3  4 |
---------------+-------------+-----
Dodging        | 2 |  2.5
Stealth        | 2 |  2.0
Polearms       | 1 |  1.1
Conjurations   | 5 |  5.0
Fighting       | |  0.4
Armour         | |  0.6
Spellcasting   | |  2.6

Action                   |  1- 3 |  4- 6 || total
-------------------------+-------+-------++-------
Melee: Unarmed           |     1 |       ||     1
       Spear             |    19 |    12 ||    31
 Cast: Magic Dart        |    61 |    53 ||   114
  Eat: Chunk             |     3 |     3 ||     6
Armor: Robe              |     5 |       ||     5
       Leather armour    |       |    15 ||    15
Dodge: Dodged            |    25 |    22 ||    47
